 Dungeon Crawl Stone Soup version 0.27-a0-1200-g94dc6ad4cf (webtiles) character file.

Game seed: 1252573613429347091

62 bande the Shield-Bearer (level 4, -2/29 HPs)
             Began as a Gargoyle Fighter on May 31, 2021.
             Slain by Sigmund
             ... wielding a +2 scythe of protection
              (4 damage)
             ... on level 3 of the Dungeon.
             The game lasted 00:02:42 (1737 turns).

bande the Shield-Bearer (Gargoyle Fighter)          Turns: 1737, Time: 00:02:43

Health: -2/29      AC:  7    Str: 20    XL:     4   Next: 8%
Magic:  4/4        EV: 17    Int:  8    God:
Gold:   56         SH:  0    Dex: 10    Spells: 3/3 levels left

rFire    + + .     SeeInvis .   (weapon currently unavailable)
rCold    + + .     Faith    .   (shield currently unavailable)
rNeg     + + +     Spirit   .   (armour currently unavailable)
rPois    ∞         Reflect  .   (helmet currently unavailable)
rElec    +         Harm     .   (cloak currently unavailable)
rCorr    +         Rampage  .   (gloves currently unavailable)
Will     .....                  (boots currently unavailable)
Stlth    +.........             (amulet currently unavailable)
HPRegen  0.09/turn              (ring currently unavailable)
MPRegen  0.09/turn              (ring currently unavailable)

@: mighty, wisp-form, flying
A: insubstial, flying, no casting, sickness immunity, AC +3, tiny, negative
energy resistance 1, (electricity resistance), torment resistance 1,
petrification resistance
a: no special abilities


You were on level 3 of the Dungeon.
You were an insubstantial wisp.
You visited 1 branch of the dungeon, and saw 3 of its levels.

You collected 56 gold pieces.

Inventory:

Hand Weapons
 a - a +1 war axe (melded)
Armour
 b - a +0 scale mail (melded)
 c - a +0 kite shield (melded)
Scrolls
 f - a scroll of fog {unknown}
 i - a scroll of teleportation {unknown}
Potions
 e - a potion of haste {unknown}
 g - 4 potions of curing {unknown}
 h - a potion of ambrosia {unknown}


   Skills:
 + Level 3.8 Fighting
 + Level 2.6 Axes
 + Level 3.5 Armour
 - Level 0.2 Stealth
 + Level 4.0 Shields


You had 3 spell levels left.
You didn't know any spells.
Your spell library was empty.

Dungeon Overview and Level Annotations

Branches:
Dungeon (3/15)

Altars:
Elyvilon

Annotations:
D:3 Sigmund


Innate Abilities, Weirdness & Mutations

You are an insubstantial wisp.
Your tiny insubstantial body is highly resistant to most damage types.
You are flying.
Your equipment is entirely melded.
You are incapable of wielding weapons or throwing items.
You cannot cast spells.
You are immune to sickness and miasma.
((Your stone body is resilient. (AC +3)))
You are immune to poison.
You resist negative energy. (rN+)
((You are resistant to electric shocks. (rElec)))
You are resistant to unholy torment.
You are immune to petrification.


Message History

The hobgoblin barely misses you.
You hit the hobgoblin.
The hobgoblin is severely wounded.
You miss the frilled lizard. The frilled lizard bites you.
The hobgoblin hits you but does no damage.
The frilled lizard bites you but does no damage.
Unknown command.
You barely miss the hobgoblin.
The hobgoblin is severely wounded.
You barely miss the frilled lizard. Something hits you!
The hobgoblin hits you but does no damage.
The frilled lizard bites you but does no damage.
Something hits you.
The hobgoblin hits you but does no damage.
You feel very mighty all of a sudden. The frilled lizard barely misses you.
Something hits you.
The hobgoblin hits you but does no damage.
Your shield prevents you from hitting the hobgoblin.
The hobgoblin is severely wounded.
You slash the frilled lizard!
You kill the frilled lizard!
Something hits you.
The hobgoblin hits you but does no damage.
Something hits you!
* * * LOW HITPOINT WARNING * * *
The hobgoblin hits you but does no damage.
You slash the hobgoblin!
You kill the hobgoblin!
You hear a zap.
You turn into an insubstantial wisp.
Your +1 war axe melds into your body.
Your +0 kite shield melds into your body.
Your +0 scale mail melds into your body.
You hear some strange, mumbled words.
A puff of flame appears from out of thin air!
The puff of flame hits you. You resist.
* * * LOW HITPOINT WARNING * * *
Unknown command.
You touch something.
Something hits you but does no damage.
You closely miss something. Something hits you.
You die...

#### ###
#.....#..
#.....#.#
#..?..#.#
#.....#.# #
#.....#.##.####
#......{.......
#?.....v###.###
#....<........#
#...........#.#
#.....#........
#.....#.#.....#
#.....#.#.#####
#.......#.#
#....####.#
###..


There were no monsters in sight!

Vanquished Creatures
  A dart slug (D:2)
  3 ball pythons (D:1)
  6 endoplasms
  6 goblins
  11 hobgoblins
  4 jackals (D:1)
  2 kobolds (D:1)
  2 quokkas (D:1)
  9 bats
  3 frilled lizards
  3 rats
50 creatures vanquished.

Vanquished Creatures (others)
  2 plants (D:1)
2 creatures vanquished.

Grand Total: 52 creatures vanquished

Notes
Turn   | Place    | Note
-------+----------+-------------------------------------------
     0 | D:1      | bande the Gargoyle Fighter began the quest for the Orb.
     0 | D:1      | Reached XP level 1. HP: 14/14 MP: 1/1
    99 | D:1      | Reached XP level 2. HP: 12/19 MP: 2/2
   417 | D:1      | Reached XP level 3. HP: 23/23 MP: 3/3
   543 | D:1      | Found a faded altar of an unknown god.
   684 | D:2      | Reached skill level 4 in Shields
   696 | D:2      | Found a white marble altar of Elyvilon.
  1473 | D:2      | Reached XP level 4. HP: 29/29 MP: 4/4
  1726 | D:3      | Noticed Sigmund
  1735 | D:3      | HP: 1/29 [something/puff of flame (2)]
  1737 | D:3      | Slain by Sigmund

Illustrated notes

Levels and vault maps discovered:
D:1:      wheals_arrival_shading, layout_basic,
          shapermc_ecumenical_altar_mp_ritualfount, minmay_misc_feat_tower,
          minmay_crystal_room
D:2:      layout_rooms, serial_co_window_serial, co_window_paths_a,
          co_window_paths_a, co_window_of_opportunity_a, co_window_paths_a,
          co_window_paths_a, co_window_corner_a, co_window_paths_a,
          co_window_paths_c, co_window_corner_cb, co_window_of_opportunity_c,
          co_window_cross_4, co_window_broadway_a, co_window_paths_e,
          glass_columns_a, glass_columns_c, basic_altar, grunt_ministairs_1,
          minmay_goblin_outpost
D:3:      layout_basic, lemuel_crystal_altar, gup_sewer_entry_spiral,
          serial_bayou_pond_b, uniq_sigmund

Skill      XL: |  1  2  3 |
---------------+----------+-----
Axes           | 2 |  2.6
Shields        | 4 |  4.0
Fighting       | |  3.8
Armour         | |  3.5
Stealth        | |  0.2

Action                   |  1- 3 |  4- 6 || total
-------------------------+-------+-------++-------
Melee: War axe           |    97 |     8 ||   105
       Unarmed           |       |     2 ||     2
  Use: Scroll            |     3 |       ||     3
       Potion            |       |     1 ||     1
Armor: Scale mail        |    69 |    10 ||    79
       Skin              |       |     1 ||     1
Dodge: Dodged            |    47 |     3 ||    50
Block: Kite shield       |    59 |       ||    59

Table legend: (Time is in decaauts)
 A = Elapsed time spent in this place.
 B = Non-inter-level travel time spent in this place.
 C = Inter-level travel time spent in this place.
 D = Time resting spent in this place.
 E = Time spent auto-exploring this place.
 F = Levels seen in this place.
 G = Mean time per level.
                   A        B        C        D        E       F      G
               +--------+--------+--------+--------+--------+-----+--------+
         Total |   1801 |   1785 |     16 |     98 |   1267 |   3 |  600.3 |
       Dungeon |   1801 |   1785 |     16 |     98 |   1267 |   3 |  600.3 |
               +--------+--------+--------+--------+--------+-----+--------+

Top non-repeatable levels by time:
     D:2: 1108 daAuts
     D:1: 675 daAuts
     D:3: 17 daAuts
